 Dungeon Crawl Stone Soup version 0.24.0-5-g267a8d59f4 (webtiles) character file.

Game seed: 2719080405453243690, levelgen mode: deterministic

59910 Aviak the Thaumaturge (level 14, -18/108 HPs)
             Began as a Gnoll Fire Elementalist on Nov 1, 2019.
             Was an Elder of Vehumet.
             Hit by a large rock thrown by a stone giant (30 damage)
             ... on level 2 of the Orcish Mines.
             The game lasted 00:53:57 (25564 turns).

Aviak the Thaumaturge (Gnoll Fire Elementalist)    Turns: 25564, Time: 00:53:58

Health: -18/108    AC: 14    Str: 10    XL:     14   Next: 97%
Magic:  4/28       EV: 20    Int: 21    God:    Vehumet [****..]
Gold:   1031       SH: 10    Dex: 27    Spells: 3/34 levels left

rFire    + . .     SeeInvis .   R - +9 dagger "Danteky" {venom, rN+ Dex+4}
rCold    + . .     Gourm    .   a - +2 buckler
rNeg     + + .     Faith    .   v - +2 ring mail {rN+}
rPois    .         Spirit   .   N - +2 helmet
rElec    .         Reflect  .   g - scarf {rC+ rF+}
rCorr    .         Harm     .   (no gloves)
MR       +....                  Q - +0 pair of boots
Stlth    +++++.....             h - amulet of magic regeneration
HPRegen  0.28/turn              y - ring of wizardry
MPRegen  0.46/turn              W - +5 ring of dexterity

@: no status effects
A: distributed training, fangs 1, strong nose
a: Renounce Religion


You were on level 2 of the Orcish Mines.
You worshipped Vehumet.
Vehumet was greatly pleased with you.
You were not hungry.

You visited 4 branches of the dungeon, and saw 20 of its levels.
You also visited: Volcano.

You collected 1550 gold pieces.
You spent 519 gold pieces at shops.

Inventory:

Hand Weapons
 G - a +0 broad axe of flaming
 R - the +9 dagger "Danteky" (weapon) {venom, rN+ Dex+4}
   (You bought it in a shop on level 10 of the Dungeon)

   It poisons the flesh of those it strikes.
   It affects your dexterity (+4).
   It protects you from negative energy.
Armour
 a - a +2 buckler (worn)
 g - a scarf of resistance (worn)
 n - a +1 shield of protection
 v - a +2 ring mail of positive energy (worn)
 N - a +2 helmet (worn)
 Q - a +0 pair of boots (worn)
Magical Staves
 z - an uncursed staff of energy {!a}
 E - an uncursed staff of fire {rF+}
Jewellery
 h - an amulet of magic regeneration (around neck)
 y - a ring of wizardry (left hand)
 C - an uncursed ring of protection from cold
 U - an uncursed ring of resist corrosion
 V - an uncursed ring of ice
 W - a +5 ring of dexterity (right hand)
 Y - an uncursed ring of poison resistance {unknown}
Wands
 u - a wand of flame (30)
 H - a wand of iceblast (10)
 I - a wand of disintegration (8)
 M - a wand of clouds (5)
 O - a wand of digging (6)
 S - a wand of scattershot (1)
 T - a wand of polymorph (9)
 Z - a wand of paralysis (8)
Scrolls
 b - 2 scrolls of enchant armour
 i - 3 scrolls of identify
 r - 9 scrolls of remove curse
 s - 4 scrolls of enchant weapon
 t - a scroll of teleportation
 w - 3 scrolls of fear
 x - a scroll of blinking
 A - 3 scrolls of immolation
 B - 3 scrolls of amnesia
 P - 3 scrolls of magic mapping
 X - a scroll of vulnerability {!r}
Potions
 d - 4 potions of might
 f - 2 potions of haste
 j - a potion of flight
 k - 3 potions of ambrosia
 l - a potion of cancellation
 m - 7 potions of brilliance
 o - 5 potions of lignification {!q}
 p - a potion of mutation {!q}
 q - a potion of agility
 D - a potion of magic
 F - a potion of invisibility
 J - 2 potions of berserk rage
 L - 2 potions of resistance
Miscellaneous
 e - a lamp of fire (inert)
Comestibles
 K - 26 rations


   Skills:
 + Level 9.5 Fighting
 + Level 9.5 Short Blades
 + Level 9.5 Long Blades
 + Level 9.5 Axes
 + Level 9.5 Maces & Flails
 + Level 9.5 Polearms
 + Level 9.5 Staves
 + Level 9.5 Slings
 + Level 9.5 Bows
 + Level 9.5 Crossbows
 + Level 9.5 Throwing
 + Level 9.5 Armour
 + Level 10.5 Dodging
 + Level 10.3 Stealth
 + Level 9.5 Shields
 + Level 9.5 Unarmed Combat
 + Level 10.6 Spellcasting
 + Level 8.3 Conjurations
 + Level 7.9 Hexes
 + Level 7.9 Charms
 + Level 7.9 Summonings
 + Level 7.9 Necromancy
 + Level 7.9 Translocations
 + Level 7.9 Transmutations
 + Level 9.7 Fire Magic
 + Level 7.9 Ice Magic
 + Level 7.9 Air Magic
 + Level 7.9 Earth Magic
 + Level 7.9 Poison Magic
 + Level 10.3 Invocations
 + Level 9.5 Evocations


You had 3 spell levels left.
You knew the following spells:

 Your Spells              Type           Power        Failure   Level  Hunger
a - Flame Tongue          Conj/Fire      #####        1%          1    None
b - Conjure Flame         Conj/Fire      #####...     1%          3    None
c - Sticky Flame          Conj/Fire      #####...     1%          4    ##.....
d - Fireball              Conj/Fire      #####.....   1%          5    ####...
e - Inner Flame           Hex/Fire       #####...     1%          3    None
f - Ignite Poison         Fire/Tmut/Pois #####...     1%          3    None
g - Throw Icicle          Conj/Ice       #####...     1%          4    ##.....
h - Cause Fear            Hex            #####.....   1%          4    ##.....
w - Summon Ice Beast      Ice/Summ       #####...     1%          4    ##.....

Your spell library contained the following spells:

 Spells                   Type           Power        Failure   Level  Hunger
 Fulminant Prism          Conj/Hex       #####.....   1%          4    ##.....
 Apportation              Tloc           #####.       1%          1    None
 Beastly Appendage        Tmut           #####.       1%          1    None
 Confusing Touch          Hex            #####.       1%          1    None
 Freeze                   Ice            ####         1%          1    None
 Sandblast                Erth           #####.       1%          1    None
 Summon Butterflies       Summ           #####...     1%          1    None
 Passwall                 Tmut/Erth      #####...     1%          2    None
 Sticks to Snakes         Tmut           #####...     1%          2    None
 Throw Flame              Conj/Fire      #####.       1%          2    None
 Throw Frost              Conj/Ice       #####.       1%          2    None
 Confuse                  Hex            #####...     1%          3    None
 Gell's Gravitas          Tloc           #####.....   1%          3    None
 Lesser Beckoning         Tloc           #####.....   1%          3    None
 Ozocubu's Armour         Chrm/Ice       #####...     1%          3    None
 Spider Form              Tmut/Pois      #####.....   1%          3    None
 Stone Arrow              Conj/Erth      #####.       1%          3    None
 Tukima's Dance           Hex            #####...     1%          3    None
 Ice Form                 Ice/Tmut       #####...     1%          4    ##.....
 Petrify                  Tmut/Erth      #####...     1%          4    ##.....
 Lee's Rapid Deconstruct  Erth           #####.....   1%          5    ####...
 Yara's Violent Unravell  Hex/Tmut       #####.....   1%          5    ####...
 Alistair's Intoxication  Tmut/Pois      #####...     6%          5    ####...
 Blade Hands              Tmut           #####.....   6%          5    ####...
 Metabolic Englaciation   Hex/Ice        #####.....   6%          5    ####...
 Silence                  Hex/Air        #####.....   6%          5    ####...
 Deflect Missiles         Chrm/Air       #####.....   28%         6    ######.
 Invisibility             Hex            #####...     28%         6    ######.
 Discord                  Hex            #####.....   100%        8    #######


Dungeon Overview and Level Annotations

Branches:
Dungeon (11/15)            Temple (1/1) D:5            Lair (6/6) D:11
  Swamp (0/4) Lair:3       Spider (0/4) Lair:3        Slime (0/5) Lair:5
    Orc (2/2) D:11        Volcano (visited)
    Elf: Orc:2

Altars:
Ashenzari
Cheibriados
Dithmenos
Elyvilon
Fedhas
Gozag
Hepliaklqana
Kikubaaqudgha
Makhleb
Nemelex Xobeh
Okawaru
Qazlal
Ru
Sif Muna
Trog
Uskayaw
Vehumet
Wu Jian
Xom
Yredelemnul
Zin
The Shining One
Jiyva

Shops:
D:7 !}   D:10 (   Orc:1 =

Annotations:
D:8 2 transporters, Swippen's ghost, journeyman TrMo


Innate Abilities, Weirdness & Mutations

Your experience applies equally to all skills.
You have very sharp teeth.
Your uncanny sense of smell can sniff out nearby items.


Message History

The fireball engulfs the two-headed ogre!
The two-headed ogre is moderately wounded.
You hear two shouts! x2
An orc comes into view.
The orc wizard casts a spell at you. You resist with almost no effort.
Your ice beast closely misses the troll.
A troll comes into view.
The two-headed ogre hits your ice beast with a cursed -2 giant club!!
The two-headed ogre hits your ice beast but does no damage.
The stone giant throws a large rock.
The large rock hits you!!!
* * * LOW HITPOINT WARNING * * *
Your ice beast hits the cyclops.
Your ice beast freezes the cyclops!
Your ice beast closely misses the troll.
You see here a large rock.
You feel better.
Your ice beast hits the two-headed ogre.
Your ice beast freezes the two-headed ogre!
The stone giant throws a large rock.
The large rock hits you!!
You die...

......#............
.....................
#......$#......[.....
........#.....[.#....$
.......o......)........
........o...[$$<[...§..
..............)........
#.............)......##
........(..@.[.^..<...#
..........(.$YC........
.#....$.().T.YO..$.....
........[Y.............
.......)..$...........§
.......)...............
......<.......C......$
.......#........T....
........).........


You could see a stone giant, a two-headed ogre, a cyclops, 2 trolls, an orc
wizard, an orc and 3 friendly ice beasts.

Vanquished Creatures
  A minotaur (D:11)
  4 dire elephants (Lair:6)
  Snorg (D:11)
  2 ogre magi (Orc:2)
  Fannar (D:11)
  4 hydras
  A centaur warrior (Volcano)
  Erica (D:9)
  6 two-headed ogres (Orc:1)
  An anaconda (Lair:6)
  2 death yaks (D:11)
  Urug (D:11)
  An orc high priest (Orc:1)
  A hell knight (Volcano)
  An unseen horror (D:10)
  An orc knight (Orc:1)
  The ghost of Madoushi the Digger, a novice GrEE of Ashenzari (D:7)
  Pikel (D:6)
  A deep elf mage (D:11)
  2 orc sorcerers (Orc:2)
  An ugly thing (D:11)
  4 elephants (Lair:6)
  10 black mambas
  A gargoyle (D:11)
  14 spiny frogs
  2 rime drakes
  A kobold demonologist (D:11)
  6 komodo dragons
  13 yaktaurs
  3 jumping spiders (Lair:3)
  7 trolls
  A hornet (D:9)
  A dream sheep (Lair:4)
  11 blink frogs
  4 hippogriffs
  2 wyverns
  2 redbacks (Lair:3)
  22 yaks
  3 humans (D:7)
  A hungry ghost (D:8)
  A wraith (D:11)
  3 basilisks
  6 vampire mosquitoes (Lair:3)
  Edmund (D:5)
  2 wargs
  19 water moccasins
  6 porcupines
  12 orc warriors
  An ice beast (D:7)
  2 sky beasts
  2 slaves
  19 ogres
  4 phantoms
  8 wolves
  7 centaurs
  11 crocodiles
  4 big kobolds
  8 bullfrogs
  Blork the orc (D:4)
  2 gnoll sergeants
  6 scorpions
  21 killer bees
  3 wights (D:11)
  9 howler monkeys
  A bullfrog zombie (D:11)
  3 crimson imps
  A quasit (D:7)
  4 jellies
  9 orc priests
  12 orc wizards
  Crazy Yiuf (D:2)
  4 hounds
  A bullfrog skeleton (D:11)
  A centaur skeleton (D:5)
  Ijyb (D:3)
  2 iguanas
  6 worker ants
  A killer bee zombie (D:7)
  2 hound skeletons
  A worker ant zombie (D:8)
  23 gnolls
  11 adders
  A howler monkey skeleton (D:9)
  2 shadow imps (D:6)
  2 adder zombies
  3 adder skeletons
  2 worms (D:2)
  2 dart slugs
  6 leopard geckos
  49 orcs
  4 bats
  13 giant cockroaches
  5 goblins
  7 hobgoblins
  21 jackals
  4 quokkas
  A frilled lizard (D:1)
  20 kobolds
  A leopard gecko zombie (D:5)
  A quokka skeleton (D:4)
  10 rats
  2 bushes (Lair:6)
  A plant (Lair:6)
542 creatures vanquished.

Vanquished Creatures (collateral kills)
  A komodo dragon (Lair:6)
1 creature vanquished.

Vanquished Creatures (others)
  A slave (D:7)
  A centaur (Volcano)
  8 fungi
  6 plants
16 creatures vanquished.

Grand Total: 559 creatures vanquished

Notes
Turn   | Place    | Note
-------+----------+-------------------------------------------
     0 | D:1      | Aviak the Gnoll Fire Elementalist began the quest for the
                  | Orb.
     0 | D:1      | Reached XP level 1. HP: 13/13 MP: 6/6
   232 | D:1      | Reached XP level 2. HP: 19/19 MP: 7/7
   723 | D:2      | Reached skill level 5 in Spellcasting
   723 | D:2      | Reached XP level 3. HP: 25/25 MP: 7/9
   744 | D:2      | Reached skill level 1 in Invocations
   774 | D:2      | Reached skill level 1 in Fighting
   774 | D:2      | Reached skill level 1 in Short Blades
   774 | D:2      | Reached skill level 1 in Long Blades
   774 | D:2      | Reached skill level 1 in Axes
   774 | D:2      | Reached skill level 1 in Maces & Flails
   774 | D:2      | Reached skill level 1 in Polearms
   774 | D:2      | Reached skill level 1 in Staves
   774 | D:2      | Reached skill level 1 in Slings
   774 | D:2      | Reached skill level 1 in Bows
   774 | D:2      | Reached skill level 1 in Crossbows
   774 | D:2      | Reached skill level 1 in Throwing
   774 | D:2      | Reached skill level 1 in Armour
   774 | D:2      | Reached skill level 1 in Shields
   774 | D:2      | Reached skill level 1 in Unarmed Combat
   774 | D:2      | Reached skill level 1 in Evocations
   779 | D:2      | Learned a level 3 spell: Conjure Flame
   868 | D:2      | Reached XP level 4. HP: 32/32 MP: 11/11
  1037 | D:2      | Learned a level 4 spell: Sticky Flame
  1088 | D:2      | Learned a level 3 spell: Inner Flame
  1125 | D:2      | Reached skill level 1 in Hexes
  1125 | D:2      | Reached skill level 1 in Charms
  1125 | D:2      | Reached skill level 1 in Summonings
  1125 | D:2      | Reached skill level 1 in Necromancy
  1125 | D:2      | Reached skill level 1 in Translocations
  1125 | D:2      | Reached skill level 1 in Transmutations
  1125 | D:2      | Reached skill level 1 in Ice Magic
  1125 | D:2      | Reached skill level 1 in Air Magic
  1125 | D:2      | Reached skill level 1 in Earth Magic
  1125 | D:2      | Reached skill level 1 in Poison Magic
  1223 | D:2      | Reached XP level 5. HP: 35/37 MP: 6/12
  1586 | D:2      | Found a runed translucent door.
  1587 | D:2      | Noticed Crazy Yiuf
  1690 | D:2      | Found an opulent altar of Gozag.
  1954 | D:2      | Killed Crazy Yiuf
  2442 | D:3      | Noticed Ijyb
  2930 | D:3      | Killed Ijyb
  3198 | D:4      | Reached XP level 6. HP: 35/44 MP: 11/13
  3539 | D:4      | Noticed Blork the orc
  3553 | D:4      | Killed Blork the orc
  3553 | D:4      | Reached skill level 5 in Dodging
  3838 | D:4      | Reached XP level 7. HP: 25/50 MP: 15/15
  4170 | D:4      | Found a burning altar of Makhleb.
  4332 | D:5      | Entered Level 5 of the Dungeon
  4334 | D:5      | Noticed Edmund
  4364 | D:5      | Killed Edmund
  4364 | D:5      | Reached skill level 5 in Stealth
  4543 | D:5      | Reached XP level 8. HP: 54/57 MP: 14/16
  5007 | D:5      | Found a staircase to the Ecumenical Temple.
  5030 | Temple   | Entered the Ecumenical Temple
  5337 | Temple   | Became a worshipper of Vehumet
  6528 | D:7      | Found Qytuutud's Gadget Shoppe.
  6544 | D:7      | Reached XP level 9. HP: 65/65 MP: 18/18
  6564 | D:7      | Noticed Pikel
  6584 | D:7      | Found a hide-covered altar of Uskayaw.
  6603 | D:7      | Reached * piety under Vehumet
  6603 | D:7      | Offered knowledge of Shock by Vehumet.
  6720 | D:6      | Killed Pikel
  6952 | D:7      | Found a large runed translucent door.
  6952 | D:7      | Found a large runed translucent door.
  6953 | D:7      | Noticed Madoushi's ghost (novice GrEE)
  7424 | D:7      | Reached skill level 5 in Invocations
  7480 | D:7      | Reached XP level 10. HP: 34/73 MP: 0/20
  7654 | D:7      | Found Gesupar's Distillery.
  7662 | D:7      | Bought 2 potions of heal wounds for 150 gold pieces
  7662 | D:7      | Bought a potion of agility for 60 gold pieces
  7662 | D:7      | Bought a potion of magic for 120 gold pieces
  8056 | D:7      | Offered knowledge of Sting by Vehumet.
  8058 | D:7      | Reached ** piety under Vehumet
  8521 | D:7      | Killed Madoushi's ghost
  8521 | D:7      | Reached skill level 5 in Fighting
  8521 | D:7      | Reached skill level 5 in Short Blades
  8521 | D:7      | Reached skill level 5 in Long Blades
  8521 | D:7      | Reached skill level 5 in Axes
  8521 | D:7      | Reached skill level 5 in Maces & Flails
  8521 | D:7      | Reached skill level 5 in Polearms
  8521 | D:7      | Reached skill level 5 in Staves
  8521 | D:7      | Reached skill level 5 in Slings
  8521 | D:7      | Reached skill level 5 in Bows
  8521 | D:7      | Reached skill level 5 in Crossbows
  8521 | D:7      | Reached skill level 5 in Throwing
  8521 | D:7      | Reached skill level 5 in Armour
  8521 | D:7      | Reached skill level 5 in Shields
  8521 | D:7      | Reached skill level 5 in Unarmed Combat
  8521 | D:7      | Reached skill level 5 in Evocations
  8764 | D:8      | Learned a level 5 spell: Fireball
  8967 | D:8      | Offered knowledge of Ignite Poison by Vehumet.
  8974 | D:8      | Learned a level 3 spell: Ignite Poison
  9048 | D:8      | Reached skill level 5 in Conjurations
  9254 | D:8      | Found a transporter.
  9255 | D:8      | Identified the +3 great mace of Omoczugo {crush, *Rage rF+
                  | rC++}
  9255 | D:8      | Identified the +7 great mace of Quantum Leap {drain, +Blink
                  | rN++ Str+4 Dex-2}
  9255 | D:8      | Noticed a two-headed ogre
  9256 | D:8      | Noticed Swippen's ghost (journeyman TrMo)
  9291 | D:8      | Reached *** piety under Vehumet
  9340 | D:8      | Found a transporter.
 10042 | D:9      | Noticed Erica
 10053 | D:9      | Killed Erica
 10107 | D:9      | Reached XP level 11. HP: 72/81 MP: 15/22
 10371 | D:9      | Offered knowledge of Stone Arrow by Vehumet.
 11122 | D:10     | Entered Level 10 of the Dungeon
 11143 | D:10     | Noticed an unseen horror
 11149 | D:10     | Killed an unseen horror
 11149 | D:10     | Reached skill level 5 in Hexes
 11149 | D:10     | Reached skill level 5 in Charms
 11149 | D:10     | Reached skill level 5 in Summonings
 11149 | D:10     | Reached skill level 5 in Necromancy
 11149 | D:10     | Reached skill level 5 in Translocations
 11149 | D:10     | Reached skill level 5 in Transmutations
 11149 | D:10     | Reached skill level 5 in Ice Magic
 11149 | D:10     | Reached skill level 5 in Air Magic
 11149 | D:10     | Reached skill level 5 in Earth Magic
 11149 | D:10     | Reached skill level 5 in Poison Magic
 11379 | D:10     | Found Zupoy's Antique Weapon Shoppe.
 11382 | D:10     | Bought a warped dagger for 189 gold pieces
 11382 | D:10     | Identified the +9 dagger "Danteky" {venom, rN+ Dex+4} (You
                  | bought it in a shop on level 10 of the Dungeon)
 11717 | D:10     | Reached **** piety under Vehumet
 11977 | D:11     | Found a staircase to the Orcish Mines.
 12206 | D:11     | Noticed a red ugly thing
 12227 | D:11     | HP: 3/81 [red ugly thing (21)]
 12230 | D:11     | Noticed Fannar
 12236 | D:11     | Killed Fannar
 12374 | D:11     | Killed a red ugly thing
 12416 | D:11     | Offered knowledge of Throw Icicle by Vehumet.
 12812 | D:11     | Reached XP level 12. HP: 89/89 MP: 24/24
 12836 | D:11     | Found a staircase to the Lair.
 12879 | D:11     | Noticed Urug
 12991 | D:11     | Killed Urug
 13083 | D:11     | Noticed Snorg
 13101 | D:11     | Killed Snorg
 13282 | D:11     | Reached ***** piety under Vehumet
 13295 | D:11     | Offered knowledge of Lee's Rapid Deconstruction by Vehumet.
 13353 | D:11     | Noticed a sun demon
 13739 | D:11     | Noticed a death yak
 13740 | D:11     | Noticed a death yak
 13740 | D:11     | Noticed a minotaur
 13751 | D:11     | Killed a death yak
 13755 | D:11     | Identified the +1 leather armour of the Four Demons {Str+4}
 13768 | D:11     | Killed a death yak
 13788 | D:11     | Killed a minotaur
 13902 | D:11     | Noticed a minotaur
 14017 | D:11     | HP: 4/91 [minotaur/javelin (27)]
 14376 | Lair:1   | Entered Level 1 of the Lair of Beasts
 15444 | Lair:2   | Reached XP level 13. HP: 66/98 MP: 26/26
 15698 | Lair:2   | You fall into a shaft and drop 1 floor!
 15698 | Lair:3   | Found a hole to the Spider Nest.
 16346 | Lair:3   | Found a staircase to the Swamp.
 16872 | Lair:4   | Found a dark tunnel.
 16878 | Volcano  | Entered a volcano
 16897 | Volcano  | Found a bloodstained altar of Trog.
 16926 | Volcano  | HP: 3/98 [centaur/arrow (6)]
 17361 | Volcano  | Learned a level 4 spell: Throw Icicle
 18545 | Lair:4   | Got a crude robe
 18556 | Lair:4   | Identified the cursed +1 robe "Bagoram" {Regen+} (You found
                  | it on level 4 of the Lair of Beasts)
 18959 | Lair:5   | Found a viscous altar of Jiyva.
 19385 | Lair:5   | Reached skill level 10 in Spellcasting
 19567 | Lair:5   | Found a staircase to the Slime Pits.
 19834 | Lair:6   | Entered Level 6 of the Lair of Beasts
 19962 | Lair:6   | Offered knowledge of Fulminant Prism by Vehumet.
 19962 | Lair:6   | Reached XP level 14. HP: 48/106 MP: 24/28
 20083 | Lair:6   | Learned a level 4 spell: Cause Fear
 20088 | Lair:6   | Learned a level 4 spell: Summon Ice Beast
 20518 | Lair:6   | Reached skill level 10 in Dodging
 21141 | Lair:6   | Noticed a dire elephant
 21141 | Lair:6   | Noticed a dire elephant
 21147 | Lair:6   | Noticed a dire elephant
 21151 | Lair:6   | Noticed a dire elephant
 21155 | Lair:6   | Noticed a dire elephant
 21373 | Lair:6   | Killed a dire elephant
 21647 | Lair:6   | Killed a dire elephant
 21962 | Lair:6   | Killed a dire elephant
 22232 | Lair:6   | Noticed a dire elephant
 22701 | Lair:6   | Reached skill level 10 in Stealth
 23065 | Lair:6   | Killed a dire elephant
 23962 | Orc:1    | Entered Level 1 of the Orcish Mines
 23962 | Orc:1    | Found Arisih's Jewellery Shop.
 23970 | Orc:1    | Reached skill level 10 in Invocations
 24292 | Orc:2    | Entered Level 2 of the Orcish Mines
 25560 | Orc:2    | Noticed a stone giant
 25563 | Orc:2    | HP: 3/108 [stone giant/large rock (41)]
 25564 | Orc:2    | Hit by a large rock thrown by a stone giant

Levels and vault maps discovered:
D:1:      dpeg_arrival_more_subterranean_lakeside_camping, layout_basic,
          minmay_unequal
D:2:      minmay_angry_zag, layout_loops_cross, grunt_gozag_breadcrumbs,
          uniq_crazy_yiuf_cottage
D:3:      layout_basic, minmay_crystal_water, uniq_ijyb
D:4:      layout_loops_ring, lightli_temple_of_fire, uniq_blork_the_orc
D:5:      layout_rooms, minmay_temple_entry_offerings, first_ration,
          kennysheep_path_1, minivault_25, minmay_fractal_squares_5, uniq_edmund
D:6:      layout_gridville, st_stairs_2
D:7:      layout_layer_cave, ebering_ghost_disaster_area, basic_altar,
          serial_shops, nicolae_shop_trees, shop, minmay_ruffians, uniq_pikel
D:8:      layout_cave_pools, gammafunk_ghost_smash
D:9:      layout_cave_pods, blue_anna_alchemist [blue_anna_fruit_fields,
          blue_anna_fruit_fields], uniq_erica
D:10:     layout_long_grid, serial_shops, shop
D:11:     fort_yaktaur, layout_irregular_city, lair_entry_dummy, orc_0_dummy,
          uniq_urug, uniq_snorg, uniq_fannar
Temple:   roderic_octagonal_lattice_temple
Lair:1:   layout_regular_city
Lair:2:   layout_regular_city
Lair:3:   layout_roguey, minmay_swamp_entry_swarm, spider_nest_entry_a,
          infiniplex_staircase_pool
Lair:4:   beast_lair_carwin_large_3, layout_hall_layers,
          nicolae_volcano_entry_s_turn, serial_bayou_pond_b,
          grunt_forest_small_clearings
Lair:5:   layout_gridlike, slime_altar_1
Lair:6:   due_jungle_book, layout_concentric_octagons
Orc:1:    layout_caves, serial_shops, shop
Orc:2:    st_orc_open, layout_caves

Skill      XL: |  1  2  3  4  5  6  7  8  9 10 11 12 13 14 |
---------------+-------------------------------------------+-----
Conjurations   | 2 3 4 5 6 7 8 |  8.3
Spellcasting   | 5 6 7 8 9 10 | 10.6
Invocations    | 1 2 3 4 5 6 7 8 9 10 | 10.3
Fighting       | 1 2 3 4 5 6 7 8 9 |  9.5
Short Blades   | 1 2 3 4 5 6 7 8 9 |  9.5
Long Blades    | 1 2 3 4 5 6 7 8 9 |  9.5
Axes           | 1 2 3 4 5 6 7 8 9 |  9.5
Maces & Flails | 1 2 3 4 5 6 7 8 9 |  9.5
Polearms       | 1 2 3 4 5 6 7 8 9 |  9.5
Staves         | 1 2 3 4 5 6 7 8 9 |  9.5
Slings         | 1 2 3 4 5 6 7 8 9 |  9.5
Bows           | 1 2 3 4 5 6 7 8 9 |  9.5
Crossbows      | 1 2 3 4 5 6 7 8 9 |  9.5
Throwing       | 1 2 3 4 5 6 7 8 9 |  9.5
Armour         | 1 2 3 4 5 6 7 8 9 |  9.5
Shields        | 1 2 3 4 5 6 7 8 9 |  9.5
Unarmed Combat | 1 2 3 4 5 6 7 8 9 |  9.5
Evocations     | 1 2 3 4 5 6 7 8 9 |  9.5
Hexes          | 1 2 3 4 5 6 7 |  7.9
Charms         | 1 2 3 4 5 6 7 |  7.9
Summonings     | 1 2 3 4 5 6 7 |  7.9
Necromancy     | 1 2 3 4 5 6 7 |  7.9
Translocations | 1 2 3 4 5 6 7 |  7.9
Transmutations | 1 2 3 4 5 6 7 |  7.9
Ice Magic      | 1 2 3 4 5 6 7 |  7.9
Air Magic      | 1 2 3 4 5 6 7 |  7.9
Earth Magic    | 1 2 3 4 5 6 7 |  7.9
Poison Magic   | 1 2 3 4 5 6 7 |  7.9
Dodging        | 5 6 7 8 9 10 | 10.5
Stealth        | 5 6 7 8 9 10 | 10.3
Fire Magic     | 6 7 8 9 |  9.7

Action                   |  1- 3 |  4- 6 |  7- 9 | 10-12 | 13-15 || total
-------------------------+-------+-------+-------+-------+-------++-------
Melee: Dagger            |    40 |   197 |   297 |   541 |   471 ||  1546
       Bite              |     5 |    23 |    38 |    70 |    79 ||   215
       Punch             |       |     3 |     5 |       |       ||     8
 Cast: Flame Tongue      |    18 |    50 |    50 |    71 |    21 ||   210
       Conjure Flame     |       |     1 |       |     3 |    10 ||    14
       Sticky Flame      |       |       |    14 |    56 |    77 ||   147
       Inner Flame       |       |       |     3 |    11 |    11 ||    25
       Fireball          |       |       |       |    17 |    32 ||    49
       Throw Icicle      |       |       |       |       |    27 ||    27
       Summon Ice Beast  |       |       |       |       |    10 ||    10
Evoke: Wand              |       |     4 |       |    14 |     3 ||    21
       Lamp of fire      |       |       |       |       |     2 ||     2
  Use: Potion            |     1 |       |     1 |    12 |     8 ||    22
       Scroll            |       |       |     7 |    15 |    18 ||    40
 Stab: Sleeping          |     6 |     3 |     6 |    13 |    17 ||    45
       Distracted        |       |       |     1 |     1 |     1 ||     3
  Eat: Chunk             |       |     6 |     9 |    16 |    20 ||    51
       Ration            |       |     1 |     1 |     6 |     7 ||    15
Armor: Leather armour    |    14 |    34 |       |       |       ||    48
       Skin              |       |    10 |       |     4 |       ||    14
       Ring mail         |       |     6 |    91 |   112 |    89 ||   298
Dodge: Dodged            |    41 |   148 |   220 |   364 |   334 ||  1107
Block: Buckler           |       |       |    31 |   222 |   248 ||   501
